 Dungeon Crawl Stone Soup version 0.29.1-15-g9cfb28693d (webtiles) character file.

Game seed: 12876289754877125027

182 javelincjr the Magician (level 5, -3/38 HPs)
             Began as a Demonspawn Hedge Wizard on Apr 5, 2023.
             Was a Follower of Uskayaw.
             Slain by Edmund
             ... wielding a +6 vorpal flail
              (16 damage)
             ... on level 4 of the Dungeon on Apr 6, 2023.
             The game lasted 00:08:35 (3433 turns).

javelincjr the Magician (Demonspawn Hedge Wizard)   Turns: 3433, Time: 00:08:36

Health: -3/38      AC:  8    Str: 12    XL:     5   Next: 35%
Magic:  2/10       EV: 13    Int: 21    God:    Uskayaw [*.....]
Gold:   212        SH:  0    Dex: 18    Spells: 6/11 levels left

rFire   . . .      SeeInvis .   f - +3 sling
rCold   + . .      Faith    .   (no shield)
rNeg    . . .      Spirit   .   b - +0 robe
rPois   .          Reflect  .   c - +0 hat
rElec   .          Harm     .   r - scarf {repulsion}
rCorr   .          Rampage  .   (no gloves)
Will    .....                   (no boots)
Stlth   ++........              t - amulet of the acrobat
HPRegen 0.12/turn               v - ring "Waimoqu" {rC+ Int+6 Dex+5}
MPRegen 0.12/turn               (no ring)

@: sanguine armoured, repel missiles
A: antennae 1, sanguine armour 1, demonic magic 2
a: Renounce Religion, Stomp


You were on level 4 of the Dungeon.
You worshipped Uskayaw.
Uskayaw was noncommittal.
You visited 1 branch of the dungeon, and saw 4 of its levels.

You collected 212 gold pieces.

Inventory:

Hand Weapons
 a - a +0 dagger
 f - a +3 sling (weapon)
Missiles
 m - 3 poisoned darts
Armour
 b - a +0 robe (worn)
 c - a +0 hat (worn)
 r - a scarf of repulsion (worn)
Jewellery
 t - an amulet of the acrobat (around neck)
 u - an amulet of reflection
 v - the ring "Waimoqu" (left hand) {rC+ Int+6 Dex+5}
   (You found it on level 3 of the Dungeon)

   [ring of intelligence]

   Int:       It affects your intelligence (+6).
   Dex:       It affects your dexterity (+5).
   rC:        It protects you from cold.
Scrolls
 g - 8 scrolls of teleportation {unknown}
 h - a scroll of enchant armour {unknown}
 i - a scroll of immolation {unknown}
 k - 4 scrolls of identify {unknown}
 l - 4 scrolls of blinking {unknown}
 o - a scroll of silence {unknown}
 s - a scroll of amnesia {unknown}
 w - a scroll of fear {unknown}
 x - a scroll of fog {unknown}
Potions
 d - a potion of magic
 e - 2 potions of heal wounds {unknown}
 j - 3 potions of mutation {unknown}
 n - a potion of might {unknown}
 p - 2 potions of haste {unknown}
 q - 2 potions of degeneration {unknown}
 z - a potion of curing {unknown}


   Skills:
 * Level 2.2 Fighting
 + Level 1.2 Armour
 + Level 2.3 Dodging
 - Level 1.7 Stealth
 * Level 3.6 Spellcasting
 + Level 1.8 Conjurations
 + Level 1.9 Summonings
 + Level 1.7 Translocations


You had 6 spell levels left.
You knew the following spells:

 Your Spells              Type           Power      Damage    Failure   Level
a - Magic Dart            Conj           44%        1d5       6%          1
b - Call Imp              Summ           12%        N/A       9%          2
c - Blink                 Tloc           22%        N/A       10%         2

Your spell library contained the following spells:

 Spells                   Type           Power      Damage    Failure   Level
 Slow                     Hex            12%        N/A       12%         1
 Ensorcelled Hibernation  Hex/Ice        6%         N/A       19%         2
 Conjure Flame            Conj/Fire      7%         6-21      26%         3
 Mephitic Cloud           Conj/Pois/Air  6%         N/A       28%         3
 Spider Form              Tmut/Pois      3%         N/A       36%         3
 Anguish                  Hex/Necr       1%         N/A       77%         4
 Animate Dead             Necr           3%         N/A       77%         4
 Borgnjor's Vile Clutch   Necr/Erth      1%         N/A       98%         5
 Death Channel            Necr           1%         N/A       100%        6


Dungeon Overview and Level Annotations

Branches:
Dungeon (4/15)
 Temple: D:4-7

Altars:
Uskayaw

Annotations:
D:4 Edmund


Innate Abilities, Weirdness & Mutations

You have a pair of small antennae on your head.
When seriously injured, your blood forms armour. (AC +6)
Spells you cast may paralyse nearby enemies.


Message History

Edmund is moderately wounded.
Malevolent energies surge around you.
Edmund says, "A flail is better than a scythe, any day of the week!"
Edmund closely misses you.
Your iron imp hits Edmund but does no damage.
Casting: Magic Dart (safe; 6% risk of failure)
Confirm with . or Enter, or press ? or * to list all spells.
Aiming: Magic Dart (safe; 6% risk of failure)
Press: ? - help, Shift-Dir - straight line, f/p - Edmund
Aim: Edmund, wielding a +6 vorpal flail and wearing a +3 chain mail of willpower (moderately wounded, ally target, 100% to hit)
The magic dart hits Edmund but does no damage.
Edmund is moderately wounded.
Malevolent energies surge around you. Edmund hits you with a +6 vorpal flail!
Your blood congeals into armour.
Your iron imp hits Edmund.
Casting: Magic Dart (safe; 6% risk of failure)
Confirm with . or Enter, or press ? or * to list all spells.
Aiming: Magic Dart (safe; 6% risk of failure)
Press: ? - help, Shift-Dir - straight line, f/p - Edmund
Aim: Edmund, wielding a +6 vorpal flail and wearing a +3 chain mail of willpower (moderately wounded, ally target, 100% to hit)
The magic dart hits Edmund.
Edmund is heavily wounded.
Malevolent energies surge around you. Edmund closely misses you.
Casting: Magic Dart (safe; 6% risk of failure)
Confirm with . or Enter, or press ? or * to list all spells.
Aiming: Magic Dart (safe; 6% risk of failure)
Press: ? - help, Shift-Dir - straight line, f/p - Edmund
Aim: Edmund, wielding a +6 vorpal flail and wearing a +3 chain mail of willpower (heavily wounded, ally target, 100% to hit)
The magic dart hits Edmund but does no damage.
Edmund is heavily wounded.
Malevolent energies surge around you. Edmund hits you with a +6 vorpal flail!
Your iron imp hits Edmund.
Casting: Magic Dart (safe; 6% risk of failure)
Confirm with . or Enter, or press ? or * to list all spells.
Aiming: Magic Dart (safe; 6% risk of failure)
Press: ? - help, Shift-Dir - straight line, f/p - Edmund
Aim: Edmund, wielding a +6 vorpal flail and wearing a +3 chain mail of willpower (heavily wounded, ally target, 100% to hit)
The magic dart hits Edmund but does no damage.
Edmund is heavily wounded.
Malevolent energies surge around you. Edmund hits you with a +6 vorpal flail!
You die...

............
##'#######.# #..# #.#
#.# #..# ##.##### #.#
#..# # .'.'...# #.##
#..###.# ##.###.# #..
....... #.# #.# #.#
#.... ##.###'###.# #.@#
.........'.#####@5#####
##.###'###.....$........
#.# #.# #..............
#.# #.# #.#.###########
..# #...# ### #..## #..#
#..# ...#


You could see Edmund (ally target) and a friendly iron imp (summoned).

Vanquished Creatures
  A hound (D:4)
  An iguana (D:4)
  2 orc wizards
  An adder (D:3)
  2 worms
  A dart slug (D:3)
  7 orcs
  3 endoplasms (D:1)
  2 giant cockroaches (D:1)
  6 goblins
  6 hobgoblins
  2 jackals (D:3)
  6 kobolds
  2 ball pythons
  5 bats
  4 frilled lizards
  4 rats
55 creatures vanquished.

Notes
Turn   | Place    | Note
-------+----------+-------------------------------------------
     0 | D:1      | javelincjr the Demonspawn Hedge Wizard began the quest for
                  | the Orb.
     0 | D:1      | Reached XP level 1. HP: 13/13 MP: 4/4
   514 | D:1      | Reached skill level 1 in Translocations
   528 | D:1      | Gained mutation: When seriously injured, your blood forms
                  | armour. (AC +6) [demonic ancestry]
   528 | D:1      | Reached XP level 2. HP: 7/20 MP: 0/6
  1047 | D:1      | Reached skill level 1 in Fighting
  1275 | D:2      | Found a faded altar of an unknown god.
  1282 | D:2      | Prayed at the altar of an unknown god.
  1282 | D:2      | Became a worshipper of Uskayaw the Reveller
  1282 | D:2      | Reached * piety under Uskayaw
  1360 | D:2      | Reached ** piety under Uskayaw
  1364 | D:2      | Gained mutation: Spells you cast may paralyse adjacent
                  | enemies. [demonic ancestry]
  1364 | D:2      | Reached XP level 3. HP: 26/26 MP: 7/7
  2290 | D:3      | Identified the ring "Waimoqu" {rC+ Int+6 Dex+5}
  2298 | D:3      | Reached *** piety under Uskayaw
  2304 | D:3      | Gained mutation: Spells you cast may paralyse nearby
                  | enemies. [demonic ancestry]
  2304 | D:3      | Reached XP level 4. HP: 25/33 MP: 9/9
  2310 | D:3      | Reached **** piety under Uskayaw
  2857 | D:4      | Reached skill level 1 in Armour
  2964 | D:4      | Gained mutation: You have a pair of small antennae on your
                  | head. [demonic ancestry]
  2964 | D:4      | Reached XP level 5. HP: 38/38 MP: 10/10
  3407 | D:4      | Noticed Edmund
  3413 | D:4      | Learned a level 2 spell: Call Imp
  3416 | D:4      | Learned a level 2 spell: Blink
  3433 | D:4      | Slain by Edmund

Illustrated notes

Levels and vault maps discovered:
D:1:      dpeg_arrival_morbid_curiosity, layout_loops_ring, serial_bayou_pond_e,
          solitary_fountain, minmay_close_crescents
D:2:      layout_rooms, nicolae_ecumenical_pavilion
D:3:      layout_loops_ring, fountainhead
D:4:      layout_loops_ring, minmay_temple_entry_slanted, minmay_door_square,
          uniq_grinder, uniq_edmund

Skill      XL: |  1  2  3  4 |
---------------+-------------+-----
Translocations | 1 |  1.7
Fighting       | 1 2 |  2.2
Dodging        | 2 |  2.3
Armour         | 1 |  1.2
Stealth        | |  1.7
Spellcasting   | |  3.6
Conjurations   | |  1.8
Summonings     | |  1.9

Action                   |  1- 3 |  4- 6 || total
-------------------------+-------+-------++-------
Melee: Dagger            |     1 |       ||     1
 Fire: Sling             |    94 |    50 ||   144
 Cast: Magic Dart        |    11 |    15 ||    26
       Call Imp          |       |     1 ||     1
Armor: Robe              |    12 |     8 ||    20
Dodge: Dodged            |    35 |    33 ||    68
       Repelled          |       |     1 ||     1
